 Dungeon Crawl Stone Soup version 0.28-b1-25-g9875b3fc8c (webtiles) character file.

Game seed: 8694780472030240308

1627594 GordonOverkill the Conqueror (level 25, 280/280 HPs)
             Began as a Deep Dwarf Chaos Knight on Feb 1, 2022.
             Was the Champion of Makhleb.
             Escaped with the Orb
             ... and 3 runes!
             The game lasted 02:50:53 (71674 turns).

GordonOverkill the Conqueror (DDCK)                Turns: 71674, Time: 02:50:54

Health: 280/280    AC: 37    Str: 24    XL:     25   Next: 98%
Magic:  7/7        EV: 13    Int: 19    God:    Makhleb [******]
Gold:   489        SH: 15    Dex: 12    Spells: 55/55 levels left

rFire   + + +      SeeInvis .   n - +9 demon trident (vamp)
rCold   + + .      Faith    .   F - +2 kite shield {reflect}
rNeg    + + .      Spirit   .   k - +3 gold dragon scales
rPois   +          Reflect  +   (no helmet)
rElec   .          Harm     .   h - scarf {rC+ rF+}
rCorr   .          Rampage  +   I - +2 pair of gloves {infuse}
Will    ++++.      Rage     1%  j - +2 pair of boots
Stlth   ..........              G - amulet "Ziafarasm" {Acrobat Rampage rF+ rN+ Int+4}
HPRegen 0.00/turn               Y - +4 ring of slaying
MPRegen 0.10/turn               t - +4 ring of evasion

@: studying Earth Magic
A: damage resistance, heal wounds, negative energy resistance 1, sense
surroundings 3, no regeneration, iridescent scales 2, berserk 1, low MP 1,
strong-willed 1, weak 1, wild magic 1
0: Orb of Zot
}: 3/15 runes: decaying, serpentine, silver
a: Heal Wounds, Renounce Religion, Minor Destruction, Lesser Servant of Makhleb,
Major Destruction, Greater Servant of Makhleb


You escaped.
You worshipped Makhleb.
Makhleb was exalted by your worship.
You visited 9 branches of the dungeon, and saw 46 of its levels.
You also visited: Sewer, Ossuary and Gauntlet.

You collected 7218 gold pieces.
You spent 6729 gold pieces at shops.

Inventory:

Hand Weapons
 n - a +9 vampiric demon trident (weapon)
 T - a +4 demon trident
Missiles
 H - 5 throwing nets (quivered)
Armour
 h - a scarf of resistance (worn)
 j - a +2 pair of boots (worn)
 k - +3 gold dragon scales (worn)
 F - a +2 kite shield of reflection (worn)
 I - a +2 pair of gloves of infusion (worn)
 K - the +0 helmet of the Devil's Advocate {Contam Str+4 Dex+3 Slay+3}
   (You found it on level 13 of the Dungeon)

   Str:       It affects your strength (+4).
   Dex:       It affects your dexterity (+3).
   Slay:      It affects your accuracy & damage with ranged weapons and melee
   (+3).
   Contam:    It causes magical contamination when unequipped.
Jewellery
 d - a ring of see invisible
 t - a +4 ring of evasion (right hand)
 D - the amulet of Butchery {Reflect rC+ rN+ SH+5 Stlth+}
   (You took it off an ironbound preserver on level 5 of the Vaults)

   [amulet of reflection]

   It reflects blocked missile attacks.
   rC:        It protects you from cold.
   rN:        It protects you from negative energy.
   SH:        It affects your SH (+5).
   Stlth:     It makes you more stealthy.
 G - the amulet "Ziafarasm" (around neck) {Acrobat Rampage rF+ rN+ Int+4}
   (You found it on level 2 of the Lair of Beasts)

   [amulet of the acrobat]

   It increases your evasion while moving and waiting.
   Int:       It affects your intelligence (+4).
   rF:        It protects you from fire.
   rN:        It protects you from negative energy.
   Rampage:   It bestows one free step when moving towards enemies.
 Y - a +4 ring of slaying (left hand)
Wands
 b - a wand of acid (52)
 i - a wand of charming (14)
 E - a wand of paralysis (46)
 U - a wand of mindburst (13)
 V - a wand of digging (12)
 W - a wand of iceblast (55)
Scrolls
 a - 6 scrolls of blinking
 f - 2 scrolls of summoning
 l - 30 scrolls of identify
 o - 4 scrolls of silence
 p - 11 scrolls of immolation
 q - 23 scrolls of teleportation
 w - 6 scrolls of fear
 A - 7 scrolls of fog
 C - 3 scrolls of holy word
 R - a scroll of magic mapping
Potions
 c - 10 potions of lignification
 g - 21 potions of curing
 r - 3 potions of magic
 s - 5 potions of flight
 v - 4 potions of heal wounds
 x - 4 potions of cancellation
 B - 9 potions of haste
 J - 3 potions of ambrosia
 M - 2 potions of berserk rage
 N - 2 potions of invisibility
 P - 11 potions of might
 X - a potion of resistance
Miscellaneous
 m - a phial of floods
 y - a phantom mirror
 Q - a tin of tremorstones (2/2)
 S - a condenser vane


   Skills:
 O Level 27 Fighting
 - Level 12.3(15.7) Axes
 - Level 13.6(15.0) Polearms
 - Level 19.0 Armour
 - Level 12.0 Dodging
 - Level 15.0 Shields
 + Level 15.9 Spellcasting
 - Level 8.0 Invocations
 - Level 20.0 Evocations


You had 55 spell levels left.
You didn't know any spells.
Your spell library contained the following spells:

 Spells                   Type           Power      Damage    Failure   Level
 Animate Skeleton         Necr           38%        N/A       86%         1
 Apportation              Tloc           38%        N/A       86%         1
 Foxfire                  Conj/Fire      76%        2x1d7     86%         1
 Pain                     Necr           76%        1d7       86%         1
 Shock                    Conj/Air       76%        1d7       86%         1
 Sting                    Tmut/Pois      76%        1d6       86%         1
 Corpse Rot               Necr/Air       38%        N/A       94%         2
 Ensorcelled Hibernation  Hex/Ice        38%        N/A       94%         2
 Static Discharge         Conj/Air       19%        N/A       94%         2
 Sublimation of Blood     Necr           19%        N/A       94%         2
 Wereblood                Tmut           19%        N/A       94%         2
 Call Canine Familiar     Summ           19%        N/A       99%         3
 Confusing Touch          Hex            19%        N/A       99%         3
 Conjure Flame            Conj/Fire      19%        6-21      99%         3
 Dazzling Flash           Conj/Hex       38%        N/A       99%         3
 Frozen Ramparts          Ice            38%        1d5       99%         3
 Ignite Poison            Fire/Tmut/Pois 19%        N/A       99%         3
 Inner Flame              Hex/Fire       19%        N/A       99%         3
 Mephitic Cloud           Conj/Pois/Air  19%        N/A       99%         3
 Ozocubu's Armour         Ice            19%        N/A       99%         3
 Portal Projectile        Hex/Tloc       38%        N/A       99%         3
 Spider Form              Tmut/Pois      19%        N/A       99%         3
 Summon Guardian Golem    Hex/Summ       19%        N/A       99%         3
 Swiftness                Air            19%        N/A       99%         3
 Tukima's Dance           Hex            19%        N/A       99%         3
 Vampiric Draining        Necr           19%        2d7       99%         3
 Airstrike                Air            9%         N/A       100%        4
 Anguish                  Hex/Necr       9%         N/A       100%        4
 Dispel Undead            Necr           19%        3d11      100%        4
 Flame Wave               Conj/Fire      19%        2d6       100%        4
 Ice Form                 Ice/Tmut       19%        N/A       100%        4
 Iskenderun's Mystic Bla  Conj/Tloc      19%        2d6       100%        4
 Leda's Liquefaction      Hex/Erth       9%         N/A       100%        4
 Petrify                  Tmut/Erth      19%        N/A       100%        4
 Sticky Flame             Conj/Fire      19%        2d4       100%        4
 Summon Ice Beast         Ice/Summ       19%        N/A       100%        4
 Alistair's Intoxication  Tmut/Pois      12%        N/A       100%        5
 Fireball                 Conj/Fire      9%         3d6       100%        5
 Freezing Cloud           Conj/Ice/Air   9%         6-21      100%        5
 Irradiate                Conj/Tmut      9%         3d16      100%        5
 Lee's Rapid Deconstruct  Erth           9%         3d8*      100%        5
 Summon Forest            Summ/Tloc      9%         N/A       100%        5
 Yara's Violent Unravell  Hex/Tmut       9%         3d6       100%        5
 Conjure Ball Lightning   Conj/Air       9%         3x3d6     100%        6
 Death Channel            Necr           9%         N/A       100%        6
 Dispersal                Tloc           9%         N/A       100%        6
 Eringya's Noxious Bog    Tmut/Pois      9%         N/A       100%        6
 Starburst                Conj/Fire      9%         6d5       100%        6
 Statue Form              Tmut/Erth      12%        N/A       100%        6
 Enfeeble                 Hex            9%         N/A       100%        7
 Orb of Destruction       Conj           9%         9d6       100%        7
 Ozocubu's Refrigeration  Ice            9%         4d6       100%        7
 Summon Hydra             Summ           9%         N/A       100%        7
 Borgnjor's Revivificati  Necr           9%         N/A       100%        8
 Disjunction              Tloc           9%         N/A       100%        8
 Ignition                 Fire           9%         3d5       100%        8
 Lehudib's Crystal Spear  Conj/Erth      9%         10d4      100%        8
 Necromutation            Tmut/Necr      9%         N/A       100%        8
 Chain Lightning          Conj/Air       9%         3d12      100%        9
 Death's Door             Necr           9%         N/A       100%        9
 Fire Storm               Conj/Fire      9%         8d3       100%        9
 Shatter                  Erth           9%         3d11*     100%        9


Dungeon Overview and Level Annotations

Branches:
Dungeon (15/15)            Temple (1/1) D:7            Lair (6/6) D:8
  Swamp (4/4) Lair:3        Snake (4/4) Lair:4        Slime (0/5) Lair:5
    Orc (2/2) D:9             Elf (0/3) Orc:2        Vaults (5/5) D:14
  Crypt (0/3) Vaults:2     Depths (4/4) D:15            Zot (5/5) Depths:4
  Sewer (visited)         Ossuary (visited)         Gauntlet (visited)

Altars:
Ashenzari
Cheibriados
Dithmenos
Elyvilon
Fedhas
Gozag
Hepliaklqana
Kikubaaqudgha
Makhleb
Nemelex Xobeh
Okawaru
Qazlal
Ru
Sif Muna
Trog
Uskayaw
Vehumet
Wu Jian
Xom
Yredelemnul
Zin
The Shining One
Beogh
Lugonu

Shops:
D:2 [   D:5 *   D:15 *   Orc:2 ![:   Snake:3 [::=   Vaults:1 *   Vaults:2 ?[
Vaults:4 ?[   Zot:5 *   Depths:4 !(=

Portals:
Hell: Depths:1 Depths:2 Depths:3 Depths:4
Abyss: Lair:6 Snake:3 Depths:3
Pandemonium: Depths:2 Depths:3
Ziggurat: Depths:4

Annotations:
D:5 2 transporters, kalagan's ghost, amateur DECj
D:10 1 runed translucent door, konni's ghost, novice MiFi
Lair:5 exclusion: 4 oklob plants
Snake:3 1 transporter, vinnietd's ghost, adept HaFi
Snake:4 1 runed translucent door, brob1's ghost, adept MiFi


Innate Abilities, Weirdness & Mutations

You are resistant to damage.
You can heal yourself by infusing magical energy.
You resist negative energy. (rN+)
You passively map a large area around you.
You do not regenerate.
You are mostly covered in iridescent scales. (AC +4)
You tend to lose your temper in combat.
Your magical capacity is low. (-10% MP)
You are strong-willed. (Will+)
You are weak. (Str -2)
Your spells are a little harder to cast, but a little more powerful.


Message History

(V) Vaults (C) Crypt (U) Depths (H) Hell (Z) Zot
Where to? (Enter - D:1 @ (x,y), ? - help)
What level of the Dungeon? (default 1, ? - help)
There is a stone staircase leading up here.
You climb upwards.
There is a stone staircase leading down here.
There is a stone staircase leading up here.
You climb upwards.
There is a stone staircase leading down here.
There is an escape hatch in the ceiling here.
Really go through this one-way escape hatch?
A mysterious force pulls you upwards. The hatch slams shut behind you.
Level annotation: 2 transporters, kalagan's ghost, amateur DECj
(D) Dungeon (T) Temple (L) Lair (S) Swamp (P) Snake Pit (M) Slime Pits (O) Orcish Mines (E) Elven Halls (V) Vaults (C) Crypt (U) Depths (H) Hell (Z) Zot
Where to? (Enter - D:1 @ (x,y), ? - help)
What level of the Dungeon? (default 1, ? - help)
You see here a +0 hand axe.
There is a stone staircase leading up here.
You climb upwards.
There is a stone staircase leading down here.
Your extra speed is starting to run out.
There is a stone staircase leading up here.
You climb upwards.
There is a stone staircase leading down here.
You feel yourself slow down.
There is a stone staircase leading up here.
You climb upwards.
There is a stone staircase leading down here.
There is an open door here.
There is a stone staircase leading up here.
You climb upwards.
There is a stone staircase leading down here.
Magic restored.
There is a staircase leading out of the dungeon here.
Unknown command.
You have escaped!

#...#
#...#
#...#
#.#.#
#.#.#
#...#
#...#
#...#
#.@.#
#####


There were no monsters in sight!

Vanquished Creatures
  A dread lich (Zot:5)
  3 ancient liches
  8 orbs of fire
  2 juggernauts
  Sojobo (Depths:1)
  Saint Roka (Vaults:5)
  2 Killer Klowns (Zot:5)
  Xtahua (Vaults:5)
  Margery (Vaults:5)
  A curse toe (Zot:4)
  A caustic shrike (Depths:2)
  12 golden dragons
  A bone dragon (Vaults:2)
  3 electric golems
  19 tentacled monstrosities
  A walking crystal tome (Depths:2)
  25 Orb Guardians (Zot:5)
  Rupert (D:14)
  Mlioglotl (Snake:3)
  7 titans
  7 liches
  6 quicksilver dragons
  10 sphinxes
  A walking frostbound tome (Depths:2)
  12 death cobs
  Agnes (Snake:2)
  5 tengu reavers
  21 storm dragons
  6 fenstrider witches (Swamp:4)
  12 shadow dragons
  Donald (Vaults:3)
  4 draconian knights
  4 nagarajas (Snake:4)
  6 fire giants
  5 draconian monks
  10 frost giants
  A frost giant (shapeshifter) (Vaults:5)
  A deep elf sorcerer (Vaults:5)
  2 balrugs
  An orc warlord (Vaults:3)
  A cacodemon (D:15)
  17 vault wardens
  5 draconian scorchers
  A draconian shifter (Depths:4)
  3 iron dragons
  2 angels (Depths:4)
  3 ghost moths
  26 ironbound preservers
  A ghoul (Swamp:4)
  Louise (Depths:3)
  2 reapers (Swamp:4)
  5 war gargoyles
  4 draconian stormcallers
  8 draconian annihilators
  13 very ugly things
  13 stone giants
  9 ironbound thunderhulks
  17 green draconians
  3 eleionomae
  20 black draconians
  3 bunyips
  A minotaur (Gauntlet)
  5 spark wasps (Depths:2)
  12 yellow draconians
  2 deep elf annihilators (Vaults:5)
  13 purple draconians
  16 white draconians
  17 red draconians
  An entropy weaver (Vaults:3)
  A crystal guardian (Vaults:2)
  13 dire elephants
  15 ettins
  A merfolk impaler (Depths:3)
  A blizzard demon (Depths:3)
  A deep elf high priest (Vaults:5)
  A merfolk javelineer (Depths:2)
  12 fire dragons
  7 ice dragons
  3 jiangshi
  The ghost of Suk Xiy the Grappler, a journeyman DrTm of Yredelemnul (Lair:2)
  13 yaktaur captains
  3 ghost crabs
  3 shambling mangroves (Swamp:4)
  3 salamander tyrants (Snake:4)
  28 vault guards
  Harold (D:9)
  A rakshasa (D:12)
  27 hydras
  3 peacekeepers
  11 naga warriors
  8 ironbound frosthearts
  Erolcha (D:9)
  6 great orbs of eyes
  8 boulder beetles
  7 spriggan air magi
  2 catoblepae
  8 centaur warriors
  A death knight (D:15)
  12 alligators
  Erica (D:9)
  2 dancing weapons (D:14)
  8 ogre magi
  10 two-headed ogres
  9 anacondas
  7 deep troll shamans
  11 death yaks
  8 deep troll earth magi
  2 hell hogs (Depths:1)
  3 thrashing horrors (Lair:6)
  2 vampire magi
  9 naga sharpshooters
  7 tengu warriors
  Urug (D:11)
  18 hell knights
  6 spriggan berserkers
  2 shock serpents
  7 soul eaters
  Nergalle (Orc:2)
  3 sun demons
  A shadow wraith (Vaults:5)
  4 skeletal warriors
  7 iron trolls
  5 salamander mystics
  4 sixfirhies
  5 death drakes
  9 spriggan druids
  6 naga ritualists
  6 goliath frogs
  2 flayed ghosts (Depths:3)
  6 bog bodies
  88 deep trolls
  A tengu zombie (Depths:2)
  8 swamp dragons
  7 glowing orange brains
  12 lindwurms (Vaults:1)
  3 phantasmal warriors
  2 orc knights
  8 necromancers
  28 ironbound convokers
  4 mana vipers
  6 deep elf zephyrmancers
  10 wizards
  50 ugly things
  11 harpies
  A tengu skeleton (Depths:2)
  4 cyclopes
  2 deep elf pyromancers
  15 orc sorcerers
  17 salamanders
  A stone giant zombie (Depths:2)
  5 manticores
  33 moths of wrath
  6 guardian serpents
  2 salamanders (shapeshifter)
  12 elephants
  2 rust devils
  22 vault sentinels
  An eye of devastation (Lair:5)
  17 naga magi
  31 black mambas
  6 orange demons
  4 smoke demons
  4 gargoyles
  12 cane toads
  2 hellions
  2 unseen horrors
  5 rime drakes
  15 komodo dragons
  2 centaur skeletons (D:15)
  2 komodo dragons (shapeshifter)
  5 freezing wraiths
  23 yaktaurs
  An efreet (D:15)
  4 ice devils
  2 hellwings (Swamp:4)
  A tengu conjurer (Depths:4)
  2 ancient zymes (Lair:6)
  3 polar bears
  5 trolls
  A wolf spider simulacrum (D:12)
  5 tyrant leeches
  A polar bear (shapeshifter) (D:14)
  17 hornets
  A hornet (shapeshifter) (Vaults:5)
  A raiju (shapeshifter) (D:15)
  42 blink frogs
  Prince Ribbit (D:9)
  11 dream sheep (Lair:6)
  17 slime creatures
  2 blink frogs (shapeshifter) (D:13)
  2 large abominations (Lair:6)
  A vampire (D:12)
  A centaur simulacrum (D:13)
  19 spriggans
  2 shadows
  3 wraiths
  11 water elementals
  A human (D:9)
  46 yaks
  2 wyverns
  5 ynoxinuls
  4 fire bats (D:12)
  3 neqoxecs
  11 basilisks
  4 chaos spawn
  2 steam dragons
  3 redbacks
  8 wargs
  17 vampire mosquitoes
  Edmund (D:5)
  46 nagas
  11 swamp worms
  17 water moccasins
  A floating eye (Lair:5)
  11 small abominations (Lair:6)
  An acid dragon (shapeshifter) (Vaults:5)
  An acid dragon (D:11)
  2 hell hounds
  Pargi (Sewer)
  3 swamp drakes
  An ice beast (D:6)
  2 sky beasts (D:5)
  2 necrophages (D:5)
  23 orc warriors
  7 black bears
  3 boggarts (Vaults:1)
  14 wolves
  A tengu (shapeshifter) (Vaults:5)
  7 ogres
  13 centaurs
  A phantom (D:5)
  3 kobold brigands
  14 bullfrogs
  A wyvern zombie (D:9)
  3 scorpions (D:4)
  6 killer bees (D:7)
  2 howler monkeys
  4 wights (D:9)
  An electric eel (D:10)
  A bullfrog zombie (D:5)
  2 hounds
  8 centaur zombies
  A bullfrog skeleton (D:7)
  16 orc priests
  Crazy Yiuf (D:2)
  2 jellies
  Jessica (D:2)
  Ijyb (D:3)
  9 hell rats (Lair:5)
  35 orc wizards
  A killer bee zombie (D:6)
  3 mummies (Ossuary)
  9 adders
  A river rat (D:6)
  A shadow imp (D:8)
  6 white imps
  4 ufetubi
  3 worms (D:2)
  3 dart slugs
  92 orcs
  9 ball pythons
  4 bats
  8 endoplasms
  5 giant cockroaches
  19 goblins
  9 hobgoblins
  6 jackals
  5 quokkas
  2 frilled lizards
  A gnoll zombie (Ossuary)
  A goblin zombie (Ossuary)
  2 hobgoblin zombies (Ossuary)
  21 kobolds
  A kobold zombie (Ossuary)
  An orc zombie (Ossuary)
  4 rats
2060 creatures vanquished.

Vanquished Creatures (collateral kills)
  A howler monkey (D:5)
1 creature vanquished.

Vanquished Creatures (others)
  A fire giant (Depths:2)
  A draconian knight (Zot:4)
  A bunyip (Swamp:3)
  A hydra (Swamp:3)
  A hell knight (Depths:3)
  A wizard (Vaults:1)
  3 bloated husks
  A swamp drake (Swamp:1)
  3 orc wizards (Orc:2)
  A demonic plant (Gauntlet)
  19 fungi
  25 plants
  2 starspawn tentacles (Snake:3)
60 creatures vanquished.

Grand Total: 2121 creatures vanquished

Notes
Turn   | Place    | Note
-------+----------+-------------------------------------------
     0 | D:1      | GordonOverkill the Deep Dwarf Chaos Knight began the quest
                  | for the Orb.
     0 | D:1      | Reached XP level 1. HP: 20/20 MP: 1/1
   234 | D:1      | Reached XP level 2. HP: 22/27 MP: 2/2
   312 | D:1      | XOM: silly message
   315 | D:1      | XOM: silly message
   339 | D:1      | XOM: summons 4 hostile shadow creatures
   432 | D:1      | XOM: 2-stop teleportation journey
   434 | D:1      | Found a faded altar of an unknown god.
   450 | D:1      | XOM: 6-stop teleportation journey
   497 | D:1      | Reached XP level 3. HP: 32/33 MP: 2/4
   866 | D:2      | Reached skill level 3 in Fighting
   938 | D:2      | XOM: 2-stop teleportation journey
  1050 | D:2      | Found a runed translucent door.
  1051 | D:2      | Noticed Crazy Yiuf
  1101 | D:2      | Reached skill level 1 in Spellcasting
  1107 | D:2      | Noticed Jessica
  1107 | D:2      | XOM: confusion
  1115 | D:2      | Killed Jessica
  1116 | D:2      | Reached XP level 4. HP: 38/42 MP: 5/5
  1195 | D:2      | Found Seumpiucvy's Antique Armour Shop.
  1277 | D:2      | XOM: cloud trail
  1398 | D:2      | XOM: scenery: 1 doors close
  1723 | D:2      | Killed Crazy Yiuf
  1776 | D:2      | XOM: 2-stop teleportation journey
  1804 | D:2      | Reached skill level 1 in Evocations
  1813 | D:3      | Reached XP level 5. HP: 45/49 MP: 5/5
  1814 | D:3      | Found a sacrificial altar of Ru.
  1900 | D:3      | Found a shadowy altar of Dithmenos.
  2312 | D:3      | XOM: give mutations
  2312 | D:3      | Gained mutation: You are robust. (+10% HP) [Xom's grace]
  2312 | D:3      | Gained mutation: You are agile. (Dex +2) [Xom's grace]
  2312 | D:3      | Gained mutation: You have a pair of small antennae on your
                  | head. [Xom's grace]
  2418 | D:3      | XOM: god gift: Xom's Almanac of Revolt {god gift}
  2419 | D:3      | Got Xom's Almanac of Revolt {god gift}
  2575 | D:3      | XOM: scenery: 1 doors close
  2596 | D:3      | Noticed Ijyb
  2614 | D:3      | Killed Ijyb
  2618 | D:3      | Reached XP level 6. HP: 51/61 MP: 6/6
  2689 | D:3      | XOM: summons 4 hostile demons
  2690 | D:3      | Noticed a rust devil
  2745 | D:3      | XOM: god gift: 43 gold pieces
  2777 | D:3      | XOM: god gift: scroll of teleportation
  2808 | D:3      | XOM: scenery: summon butterflies
  2955 | D:4      | Found an ancient bone altar of Kikubaaqudgha.
  2991 | D:4      | Found a sand-covered staircase.
  3013 | Ossuary  | Entered an ossuary
  3060 | Ossuary  | XOM: 1-stop teleportation journey
  3463 | D:4      | Reached XP level 7. HP: 59/69 MP: 7/7
  3668 | D:4      | Found a sparkling altar of Nemelex Xobeh.
  3668 | D:4      | Found an opulent altar of Gozag.
  3740 | D:4      | XOM: divination: detect creatures
  4100 | D:5      | Entered Level 5 of the Dungeon
  4100 | D:5      | Found a transporter.
  4115 | D:5      | Reached skill level 4 in Fighting
  4115 | D:5      | Reached skill level 5 in Axes
  4115 | D:5      | Noticed kalagan's ghost (amateur DECj)
  4116 | D:5      | Found a transporter.
  4117 | D:5      | Identified the +11 giant club of Piogivu {flame, Int+4}
  4163 | D:5      | XOM: confuse monster(s)
  4164 | D:5      | Found a white marble altar of Elyvilon.
  4223 | D:5      | Reached XP level 8. HP: 66/80 MP: 9/9
  4244 | D:5      | XOM: noise
  4273 | D:5      | XOM: enchant monster (bad)
  4275 | D:5      | Found Leesinan's Overcharged Wands.
  4276 | D:5      | Noticed Edmund
  4297 | D:5      | XOM: cast spell 'Summon Ice Beast'
  4302 | D:5      | Killed Edmund
  4303 | D:5      | Reached skill level 5 in Evocations
  4311 | D:5      | XOM: cloud trail
  4593 | D:5      | XOM: divination: detect items
  4594 | D:5      | XOM: silly message
  4629 | D:5      | Reached skill level 5 in Fighting
  4635 | D:5      | XOM: divination: detect creatures
  5172 | D:6      | Found a glowing drain.
  5178 | D:6      | XOM: silly message
  5190 | Sewer    | Entered a sewer
  5239 | Sewer    | Noticed Pargi
  5241 | Sewer    | XOM: noise
  5242 | Sewer    | Killed Pargi
  5461 | D:6      | XOM: noise
  5536 | D:6      | Found a basalt altar of Yredelemnul.
  5970 | D:7      | Found a staircase to the Ecumenical Temple.
  5976 | Temple   | Entered the Ecumenical Temple
  6081 | D:7      | XOM: cleaving
  6083 | D:7      | Gained mutation: You passively map the area around you.
                  | [Deep Dwarf growth]
  6083 | D:7      | Reached XP level 9. HP: 67/90 MP: 11/13
  6094 | D:7      | Reached skill level 6 in Fighting
  6432 | D:7      | Noticed a komodo dragon
  6448 | D:7      | Killed a komodo dragon
  6449 | D:7      | Reached skill level 5 in Spellcasting
  6466 | D:7      | Found a bloodstained altar of Trog.
  6466 | D:7      | XOM: swap monsters
  6604 | D:7      | XOM is BORED!
  6604 | D:7      | XOM: summons 3 hostile demons
  7175 | D:8      | XOM: enchant monster (good)
  7216 | D:8      | Reached skill level 7 in Fighting
  7281 | D:8      | XOM: enchant monster (good)
  7413 | D:8      | Noticed a death yak
  7417 | D:8      | Reached XP level 10. HP: 69/103 MP: 13/13
  7429 | D:8      | Noticed a storm dragon
  7429 | D:8      | a death yak changed into a storm dragon
  7429 | D:8      | XOM: polymorph death yak -> storm dragon
  7430 | D:8      | XOM: enchant monster (good)
  7486 | D:8      | XOM: confuse monster(s)
  7659 | D:8      | XOM: give mutations
  7659 | D:8      | Gained mutation: Your flesh is heat resistant. (rF+) [Xom's
                  | grace]
  7659 | D:8      | Gained mutation: You have supernaturally acute eyesight.
                  | (SInv) [Xom's grace]
  7659 | D:8      | Gained mutation: You passively map a large area around you.
                  | [Xom's grace]
  7758 | D:8      | XOM: confuse monster(s)
  7761 | D:8      | Found a staircase to the Lair.
  7932 | D:8      | XOM: god gift: club {god gift}
  8068 | D:9      | Noticed Erica
  8080 | D:9      | Killed Erica
  8095 | D:9      | Reached skill level 8 in Fighting
  8111 | D:9      | Reached skill level 10 in Axes
  8111 | D:9      | XOM: silly message
  8167 | D:9      | XOM: enchant monster (good)
  8270 | D:9      | XOM: potion effect (brilliance)
  8283 | D:9      | Noticed Erolcha
  8291 | D:9      | Killed Erolcha
  8337 | D:9      | Reached skill level 10 in Evocations
  8340 | D:9      | XOM: confuse monster(s)
  8360 | D:9      | XOM: scenery: summon butterflies
  8391 | D:9      | Noticed a manticore
  8407 | D:9      | Reached XP level 11. HP: 73/114 MP: 14/14
  8449 | D:9      | Reached skill level 9 in Fighting
  8467 | D:9      | XOM: god gift: 50 gold pieces
  8573 | D:9      | Found a staircase to the Orcish Mines.
  8699 | D:9      | Noticed Prince Ribbit
  8702 | D:9      | Killed Prince Ribbit
  8788 | D:9      | XOM: give mutations
  8788 | D:9      | Gained mutation: You have sharp toenails. [Xom's grace]
  8788 | D:9      | Gained mutation: Your flesh is cold resistant. (rC+) [Xom's
                  | grace]
  9054 | D:10     | Entered Level 10 of the Dungeon
  9054 | D:10     | Noticed Harold
  9069 | D:9      | XOM: noise
  9073 | D:9      | XOM: cast spell 'Statue Form'
  9083 | D:9      | Killed Harold
  9429 | D:10     | Found a runed translucent door.
  9431 | D:10     | Noticed a spriggan rider
  9431 | D:10     | Noticed konni's ghost (novice MiFi)
  9432 | D:10     | Identified the +0 spear of the Big Bang {venom, Fly rElec
                  | rPois Dex+2}
  9560 | D:10     | XOM: polymorph polar bear -> moth of wrath
  9563 | D:10     | XOM: stat loss: -1 Dex (19/20)
  9565 | D:10     | XOM: confuse monster(s)
  9567 | D:10     | XOM: cleaving
  9701 | D:10     | XOM: 1-stop teleportation journey
  9891 | D:10     | XOM: silly message
 10162 | D:10     | Found a burning altar of Makhleb.
 10357 | D:10     | Fell from the grace of Xom
 10357 | D:10     | Became a worshipper of Makhleb the Destroyer
 10470 | D:11     | Reached skill level 1 in Invocations
 10527 | D:11     | Noticed Urug
 10532 | D:11     | XOM: draining
 10536 | D:11     | Killed Urug
 10537 | D:11     | Reached skill level 10 in Fighting
 10624 | D:11     | Noticed a two-headed ogre
 10639 | D:11     | Killed a two-headed ogre
 10640 | D:11     | Reached skill level 1 in Polearms
 10664 | D:11     | XOM: chaos upgrade
 10674 | D:11     | Reached skill level 5 in Invocations
 10905 | D:12     | Noticed an ice dragon
 11031 | D:12     | Noticed a green ugly thing
 11071 | D:12     | Noticed a boulder beetle
 11074 | D:12     | HP: 3/118 [boulder beetle (45)]
 11102 | D:11     | Reached XP level 12. HP: 114/127 MP: 9/9
 11207 | D:12     | Noticed a two-headed ogre
 11220 | D:12     | Killed a two-headed ogre
 11311 | D:12     | Killed a boulder beetle
 11381 | D:12     | Found the +7 great mace "Firestarter" {inner flame, rF++}
 11383 | D:12     | XOM: polymorph fire bat -> hornet
 11388 | D:12     | Reached XP level 13. HP: 135/135 MP: 8/8
 11416 | D:12     | Found a gate leading to a gauntlet.
 11468 | Gauntlet | Entered a Gauntlet
 11468 | Gauntlet | Found a transporter.
 11468 | Gauntlet | Found a transporter.
 11473 | Gauntlet | XOM: god gift: plate armour {god gift}
 11486 | Gauntlet | Found a transporter.
 11486 | Gauntlet | Found a transporter.
 11490 | Gauntlet | Found a transporter.
 11490 | Gauntlet | Found a transporter.
 11516 | Gauntlet | Found a transporter.
 11520 | Gauntlet | Found a transporter.
 11528 | Gauntlet | Found a transporter.
 11544 | Gauntlet | Found a transporter.
 11558 | Gauntlet | Found a transporter.
 11562 | Gauntlet | Found a transporter.
 11586 | Gauntlet | XOM: give mutations
 11586 | Gauntlet | Lost mutation: You have a pair of small antennae on your
                  | head. [Xom's mischief]
 11586 | Gauntlet | Lost mutation: Your flesh is heat resistant. (rF+) [Xom's
                  | mischief]
 11586 | Gauntlet | Gained mutation: You sometimes lose the ability to read
                  | scrolls when taking damage. [Xom's mischief]
 11780 | Gauntlet | Reached skill level 10 in Polearms
 11798 | Gauntlet | Identified the +6 chain mail "Dutiuzim" {Contam rF+ Will+
                  | Str+4 Slay+3}
 11823 | Gauntlet | Identified the +8 dagger "Uwiuw" {elec, rF+ rCorr Dex+3}
 11823 | Gauntlet | Identified the ring "Wussemah" {Int+5 Dex+6}
 11823 | Gauntlet | Noticed a minotaur
 11836 | Gauntlet | Killed a minotaur
 11953 | D:12     | Noticed a fire dragon
 11968 | D:12     | Killed a fire dragon
 12089 | D:12     | Reached * piety under Makhleb
 12206 | D:13     | XOM: confusion (+ monsters)
 12419 | D:13     | Got Unnuanku's Catalogue of Dhcmrlchtdj
 12426 | D:13     | Got Ts'ui PĂȘn's Catalogue of Forking Paths
 12444 | D:13     | Got the Incunabulum of Plaster Cramp
 12836 | D:13     | XOM: stat loss: -2 Dex (18/20)
 12929 | D:13     | Identified the +0 helmet of the Devil's Advocate {Contam
                  | Str+4 Dex+3 Slay+3}
 12978 | D:13     | Reached ** piety under Makhleb
 13087 | D:13     | Reached skill level 1 in Shields
 13109 | D:13     | Identified the +5 scale mail "Yfiatet" {rElec rN+ Int+4}
 13199 | D:13     | XOM: give mutations
 13199 | D:13     | Gained mutation: Your body sometimes deteriorates upon
                  | taking damage. [Xom's mischief]
 13199 | D:13     | Gained mutation: You are weak. (Str -2) [Xom's mischief]
 13199 | D:13     | Lost mutation: Your flesh is cold resistant. (rC+) [Xom's
                  | mischief]
 13199 | D:13     | Lost mutation: You are agile. (Dex +2) [Xom's mischief]
 13236 | D:14     | Found a gate to the Vaults.
 13393 | D:13     | Gained mutation: You resist negative energy. (rN+) [Deep
                  | Dwarf growth]
 13393 | D:13     | Reached XP level 14. HP: 61/145 MP: 10/10
 13397 | D:14     | XOM: swap monsters
 13547 | D:14     | XOM: summons 1 hostile demon
 13612 | D:14     | XOM: stat loss: -3 Dex (18/21)
 13682 | D:14     | Reached skill level 5 in Armour
 13825 | D:14     | XOM: summons 4 hostile shadow creatures
 13851 | D:14     | Noticed Rupert
 13868 | D:14     | Killed Rupert
 13906 | D:14     | Got Cuqeral's Compendium of Bile
 13939 | D:14     | XOM: give mutations
 13939 | D:14     | Lost mutation: You have sharp toenails. [Xom's mischief]
 13939 | D:14     | Gained mutation: You tend to lose your temper in combat.
                  | [Xom's mischief]
 13939 | D:14     | Gained mutation: Armour fits poorly on your strangely
                  | shaped body. [Xom's mischief]
 14051 | D:14     | Lost mutation: You tend to lose your temper in combat.
                  | [potion of mutation]
 14051 | D:14     | Lost mutation: Your body sometimes deteriorates upon taking
                  | damage. [potion of mutation]
 14051 | D:14     | Gained mutation: Your skin changes colour to match your
                  | surroundings (Stealth+). [potion of mutation]
 14051 | D:14     | Gained mutation: You have large cloven feet. [potion of
                  | mutation]
 14052 | D:14     | Lost mutation: You have supernaturally acute eyesight.
                  | (SInv) [potion of mutation]
 14052 | D:14     | Lost mutation: You are weak. (Str -2) [potion of mutation]
 14265 | D:15     | Entered Level 15 of the Dungeon
 14304 | D:15     | Reached *** piety under Makhleb
 14504 | D:15     | XOM: 1-stop teleportation journey
 14663 | D:15     | XOM: enchant monster (bad)
 14669 | D:15     | Reached skill level 10 in Armour
 14671 | D:15     | Found a staircase to the Depths.
 15056 | D:15     | Found Kaja's Pet Rocks.
 15284 | Orc:1    | Entered Level 1 of the Orcish Mines
 15307 | Orc:1    | Reached skill level 5 in Dodging
 15344 | Orc:1    | Reached **** piety under Makhleb
 15683 | Orc:1    | XOM: noise
 15846 | Orc:2    | Entered Level 2 of the Orcish Mines
 16002 | Orc:2    | Reached XP level 15. HP: 152/153 MP: 11/11
 16082 | Orc:2    | Reached ***** piety under Makhleb
 16172 | Orc:2    | XOM: give mutations
 16172 | Orc:2    | Gained mutation: You are clumsy. (Dex -2) [Xom's mischief]
 16172 | Orc:2    | Gained mutation: You are very clumsy. (Dex -4) [Xom's
                  | mischief]
 16172 | Orc:2    | Gained mutation: You are dopey. (Int -2) [Xom's mischief]
 16172 | Orc:2    | Lost mutation: You passively map a large area around you.
                  | [Xom's mischief]
 16191 | Orc:2    | Found a staircase to the Elven Halls.
 16371 | Orc:2    | Found an ancient bone altar of Kikubaaqudgha.
 16372 | Orc:2    | Noticed Nergalle
 16387 | Orc:2    | Found Geghirr's Magic Scroll Shoppe.
 16390 | Orc:2    | Killed Nergalle
 16427 | Orc:2    | Found a radiant altar of Vehumet.
 16436 | Orc:2    | Reached skill level 11 in Fighting
 16482 | Orc:2    | Found Kiyckydy's Book Emporium.
 16494 | Orc:2    | Found Noavop's Antique Armour Emporium.
 16504 | Orc:2    | Found Larch's Distillery.
 16575 | Orc:2    | XOM: summons 1 hostile shadow creature
 16575 | Orc:2    | Was forgiven by Xom
 16740 | Lair:1   | Entered Level 1 of the Lair of Beasts
 17653 | Lair:2   | Found a bloodstained altar of Trog.
 17654 | Lair:2   | Noticed Suk Xiy's ghost (journeyman DrTm)
 17675 | Lair:2   | Found a transporter.
 17678 | Lair:2   | Found a transporter.
 17956 | Lair:2   | Reached ****** piety under Makhleb
 18437 | Lair:3   | Reached skill level 12 in Fighting
 18881 | Lair:3   | Found a staircase to the Swamp.
 19284 | Lair:4   | Reached skill level 10 in Dodging
 19366 | Lair:4   | Found a staircase to the Snake Pit.
 20035 | Lair:5   | Reached skill level 13 in Fighting
 20108 | Lair:5   | You fall into a shaft and drop 1 floor!
 20108 | Lair:6   | Entered Level 6 of the Lair of Beasts
 20303 | Lair:6   | Reached XP level 16. HP: 172/172 MP: 12/12
 20959 | Lair:5   | Found a staircase to the Slime Pits.
 21032 | Lair:5   | Reached skill level 14 in Fighting
 21796 | Lair:6   | Reached skill level 15 in Fighting
 21953 | Lair:6   | Found a corrupted altar of Lugonu.
 21953 | Lair:6   | Found a one-way gate to the infinite horrors of the Abyss.
 22753 | Lair:2   | Killed Suk Xiy's ghost
 22808 | Lair:2   | Identified the amulet "Ziafarasm" {Acrobat Rampage rF+ rN+
                  | Int+4}
 22934 | Swamp:1  | Entered Level 1 of the Swamp
 22940 | Swamp:1  | Reached skill level 16 in Fighting
 23429 | Snake:1  | Entered Level 1 of the Snake Pit
 24801 | Snake:2  | Reached skill level 17 in Fighting
 24963 | Snake:2  | Reached XP level 17. HP: 193/193 MP: 9/9
 25226 | Snake:2  | Noticed Agnes
 25246 | Snake:2  | Killed Agnes
 25917 | Snake:3  | Noticed Mlioglotl
 25933 | Snake:3  | Killed Mlioglotl
 25937 | Snake:3  | Found Esosadao's Antique Armour Shop.
 25944 | Snake:3  | Lost mutation: You sometimes lose the ability to read
                  | scrolls when taking damage. [potion of mutation]
 25944 | Snake:3  | Lost mutation: Armour fits poorly on your strangely shaped
                  | body. [potion of mutation]
 25944 | Snake:3  | Lost mutation: You are dopey. (Int -2) [potion of mutation]
 25944 | Snake:3  | Gained mutation: You sometimes lose the ability to read
                  | scrolls when taking damage. [potion of mutation]
 25944 | Snake:3  | Gained mutation: You are partially covered in iridescent
                  | scales. (AC +2) [potion of mutation]
 25955 | Snake:3  | Bought a pair of runed gloves for 225 gold pieces
 26012 | Snake:3  | Found a transporter.
 26026 | Snake:3  | Reached skill level 18 in Fighting
 26303 | Snake:3  | Found a transporter.
 26777 | Snake:3  | Found Qioci's Jewellery Shoppe.
 26777 | Snake:3  | Found Ameu's Book Boutique.
 26778 | Snake:3  | Found Archoije's Book Boutique.
 26897 | Snake:3  | Noticed vinnietd's ghost (adept HaFi)
 27489 | Snake:4  | Entered Level 4 of the Snake Pit
 28185 | Snake:4  | Found a runed translucent door.
 28186 | Snake:4  | Found a shimmering altar of Xom.
 28186 | Snake:4  | Noticed brob1's ghost (adept MiFi)
 28186 | Snake:4  | Identified the +7 broad axe "Kannom" {chaos, rC+ rCorr
                  | Dex-4}
 28648 | Snake:4  | Reached skill level 5 in Shields
 29487 | Snake:4  | Got a serpentine rune of Zot
 29983 | Swamp:1  | Gained mutation: You are dopey. (Int -2) [mutagenic glow]
 30387 | Swamp:2  | Gained mutation: You passively map a large area around you.
                  | [Deep Dwarf growth]
 30387 | Swamp:2  | Reached XP level 18. HP: 196/206 MP: 0/7
 30980 | Swamp:2  | Reached skill level 10 in Shields
 31513 | Swamp:3  | Identified the +6 chain mail "Miampy" {rElec MP-9 Slay+3}
 31807 | Swamp:3  | Identified the +1 dagger of Basof {chaos, *Rage rPois Int+3
                  | Dex+2}
 32122 | Swamp:4  | Entered Level 4 of the Swamp
 32960 | Swamp:4  | Noticed a tentacled monstrosity
 33104 | Swamp:4  | Killed a tentacled monstrosity
 33198 | Swamp:4  | Noticed a tentacled monstrosity
 33219 | Swamp:4  | Killed a tentacled monstrosity
 33299 | Swamp:4  | Paralysed by a fenstrider witch for 3 turns
 34080 | Swamp:4  | Paralysed by a fenstrider witch for 6 turns
 34233 | Swamp:4  | Reached skill level 15 in Shields
 34285 | Swamp:4  | Got a decaying rune of Zot
 34289 | Swamp:4  | Noticed a tentacled monstrosity
 34315 | Swamp:4  | Killed a tentacled monstrosity
 34716 | Vaults:1 | Entered Level 1 of the Vaults
 34908 | Vaults:1 | Found Yrefu's Assorted Antiques.
 34916 | Vaults:1 | Bought a potion of berserk rage for 175 gold pieces
 34916 | Vaults:1 | Bought a scroll of blinking for 262 gold pieces
 34916 | Vaults:1 | Bought a phial of floods for 1400 gold pieces
 35006 | Vaults:1 | Reached XP level 19. HP: 214/214 MP: 0/7
 35601 | Vaults:1 | Reached skill level 10 in Spellcasting
 37251 | Vaults:2 | Found Barum's Antique Armour Emporium.
 37450 | Vaults:2 | Found Huaral's Magic Scroll Shoppe.
 37458 | Vaults:2 | Bought a scroll of summoning for 152 gold pieces
 37458 | Vaults:2 | Bought a scroll of blinking for 120 gold pieces
 37458 | Vaults:2 | Bought a scroll of teleportation for 48 gold pieces
 37470 | Vaults:2 | Noticed a bone dragon
 37487 | Vaults:2 | Killed a bone dragon
 37488 | Vaults:2 | Found a staircase to the Crypt.
 39197 | Vaults:3 | Noticed Donald
 39224 | Vaults:3 | Reached XP level 20. HP: 174/224 MP: 2/11
 39234 | Vaults:3 | You fall into a shaft and drop 1 floor!
 39330 | Vaults:4 | Reached skill level 15 in Armour
 41493 | Vaults:3 | Killed Donald
 41952 | Vaults:4 | Found Lesawia's Armour Emporium.
 42520 | Vaults:4 | Found Woiz's Magic Scroll Emporium.
 42528 | Vaults:4 | Bought a scroll of fog for 34 gold pieces
 42528 | Vaults:4 | Bought a scroll of magic mapping for 59 gold pieces
 42528 | Vaults:4 | Bought a scroll of teleportation for 51 gold pieces
 42528 | Vaults:4 | Bought a scroll of silence for 127 gold pieces
 43225 | Depths:1 | Entered Level 1 of the Depths
 43434 | Depths:1 | Reached skill level 19 in Fighting
 43647 | Depths:1 | Reached XP level 21. HP: 237/237 MP: 1/12
 44013 | Depths:1 | Noticed Sojobo
 44017 | Depths:1 | Paralysed by an air elemental for 1 turns
 44020 | Depths:1 | Paralysed by an air elemental for 1 turns
 44025 | Depths:1 | Paralysed by an air elemental for 1 turns
 44032 | Depths:1 | Paralysed by an air elemental for 1 turns
 44043 | Depths:1 | Killed Sojobo
 44226 | Depths:1 | Found a hide-covered altar of Uskayaw.
 44440 | Depths:1 | Reached skill level 20 in Fighting
 44533 | Depths:1 | Found a gateway to Hell.
 46183 | Depths:2 | Reached skill level 21 in Fighting
 46546 | Depths:2 | You fall into a shaft and drop 2 floors!
 46546 | Depths:4 | Entered Level 4 of the Depths
 46810 | Depths:4 | Found Giuthravu's Jewellery Shop.
 46811 | Depths:4 | Found Fullutt's Antique Weapon Boutique.
 46856 | Depths:4 | Found Sisualom's Distillery.
 46864 | Depths:4 | Bought a potion of haste for 210 gold pieces
 46864 | Depths:4 | Bought a potion of heal wounds for 105 gold pieces
 46864 | Depths:4 | Bought a potion of might for 84 gold pieces
 46864 | Depths:4 | Bought a potion of might for 84 gold pieces
 46864 | Depths:4 | Bought a potion of mutation for 168 gold pieces
 46864 | Depths:4 | Bought a potion of mutation for 168 gold pieces
 46864 | Depths:4 | Bought a potion of might for 84 gold pieces
 46990 | Depths:4 | Noticed a golden dragon
 47007 | Depths:4 | Killed a golden dragon
 47051 | Depths:4 | Noticed a golden dragon
 47063 | Depths:4 | Killed a golden dragon
 47083 | Depths:4 | Gained mutation: Your body sometimes deteriorates upon
                  | taking damage. [mutagenic glow]
 47327 | Depths:4 | Noticed a juggernaut
 47350 | Depths:4 | Killed a juggernaut
 47819 | Depths:4 | Found a one-way gateway to a ziggurat.
 47873 | Depths:4 | Reached skill level 22 in Fighting
 48117 | Depths:4 | Reached XP level 22. HP: 258/258 MP: 7/13
 48894 | Depths:4 | Noticed a golden dragon
 48914 | Depths:4 | Killed a golden dragon
 48995 | Depths:4 | Noticed a golden dragon
 49008 | Depths:4 | Killed a golden dragon
 49163 | Depths:4 | Found a gate to the Realm of Zot.
 49298 | Depths:4 | Got the Reference Book on Virous Evil
 49615 | Depths:4 | Reached skill level 23 in Fighting
 50399 | Depths:2 | Found a one-way gate leading to the halls of Pandemonium.
 50717 | Depths:2 | Found an iron altar of Okawaru.
 50956 | Depths:2 | Noticed a caustic shrike
 50970 | Depths:2 | Killed a caustic shrike
 51233 | Depths:2 | Noticed a golden dragon
 51240 | Depths:2 | Killed a golden dragon
 51487 | Depths:2 | Noticed a juggernaut
 51505 | Depths:2 | Killed a juggernaut
 51506 | Depths:2 | Reached skill level 24 in Fighting
 52775 | Depths:3 | Noticed Louise
 52803 | Depths:3 | Killed Louise
 53032 | Depths:3 | Reached XP level 23. HP: 278/278 MP: 0/14
 53807 | Vaults:5 | Entered Level 5 of the Vaults
 53808 | Vaults:5 | Noticed Xtahua
 53826 | Vaults:4 | Reached skill level 25 in Fighting
 54877 | Vaults:5 | Reached skill level 26 in Fighting
 54976 | Vaults:5 | Identified the amulet of Butchery {Reflect rC+ rN+ SH+5
                  | Stlth+}
 55353 | Vaults:5 | Identified the amulet of Ciwet {Faith -Cast Harm rC+}
 55639 | Vaults:5 | Killed Xtahua
 55721 | Vaults:5 | Noticed Saint Roka
 55824 | Vaults:5 | Killed Saint Roka
 56008 | Vaults:5 | Noticed Margery
 56017 | Vaults:5 | Killed Margery
 56122 | Vaults:5 | Reached skill level 27 in Fighting
 56240 | Vaults:5 | Reached XP level 24. HP: 299/299 MP: 0/14
 56705 | Vaults:5 | Noticed an ancient lich
 56724 | Vaults:5 | Killed an ancient lich
 56939 | Vaults:5 | Identified the ring of Huorabba {rElec rC- Str+9 Slay-6
                  | SInv}
 57077 | Vaults:5 | Found the +6 lightning scales {swift, rElec}
 57083 | Vaults:5 | Got a silver rune of Zot
 57652 | Orc:2    | Bought a scroll of blinking for 90 gold pieces
 57652 | Orc:2    | Bought a scroll of enchant armour for 90 gold pieces
 57652 | Orc:2    | Bought a scroll of blinking for 90 gold pieces
 57652 | Orc:2    | Bought a scroll of acquirement for 624 gold pieces
 57652 | Orc:2    | Bought a scroll of fear for 42 gold pieces
 57652 | Orc:2    | Bought a scroll of fog for 24 gold pieces
 57653 | Orc:2    | Acquired 689 gold pieces
 57671 | Orc:2    | Bought a potion of haste for 140 gold pieces
 57671 | Orc:2    | Bought a potion of curing for 42 gold pieces
 57671 | Orc:2    | Bought a potion of haste for 140 gold pieces
 57671 | Orc:2    | Bought a potion of heal wounds for 70 gold pieces
 57671 | Orc:2    | Bought a potion of might for 56 gold pieces
 57671 | Orc:2    | Bought a potion of ambrosia for 112 gold pieces
 57844 | D:5      | Bought a wand of paralysis (25) for 459 gold pieces
 57844 | D:5      | Bought a wand of acid (25) for 986 gold pieces
 58143 | Depths:3 | Found a glowing silver altar of Zin.
 58216 | Zot:1    | Entered Level 1 of the Realm of Zot
 59229 | Zot:2    | Noticed an orb of fire
 59229 | Zot:2    | Found a blossoming altar of Fedhas.
 59230 | Zot:2    | Gained mutation: Armour fits poorly on your strangely
                  | shaped body. [an orb of fire]
 59409 | Zot:2    | Gained mutation: You are weak. (Str -2) [an orb of fire]
 59413 | Zot:2    | Killed an orb of fire
 60046 | Zot:2    | Found a glowing silver altar of Zin.
 61355 | Zot:3    | Reached skill level 15 in Evocations
 63801 | Zot:4    | Reached XP level 25. HP: 291/307 MP: 3/11
 64030 | Zot:4    | Noticed an orb of fire
 64041 | Zot:4    | Gained mutation: You are very dopey. (Int -4) [an orb of
                  | fire]
 64043 | Zot:4    | Killed an orb of fire
 64724 | Zot:4    | Noticed an orb of fire
 64727 | Zot:4    | Gained mutation: Your body often deteriorates upon taking
                  | damage. [an orb of fire]
 64740 | Zot:4    | Killed an orb of fire
 65306 | Zot:5    | Entered Level 5 of the Realm of Zot
 65418 | Zot:5    | Noticed an orb of fire
 65428 | Zot:5    | Killed an orb of fire
 65602 | Zot:5    | Found Cosyor's Changing Room.
 65954 | Zot:5    | Bought a potion of mutation for 208 gold pieces
 65974 | Zot:5    | Lost mutation: Your body often deteriorates upon taking
                  | damage. [potion of mutation]
 65974 | Zot:5    | Lost mutation: You are very clumsy. (Dex -4) [potion of
                  | mutation]
 65974 | Zot:5    | Lost mutation: Your skin changes colour to match your
                  | surroundings (Stealth+). [potion of mutation]
 65974 | Zot:5    | Lost mutation: You are robust. (+10% HP) [potion of
                  | mutation]
 65975 | Zot:5    | Lost mutation: You are partially covered in iridescent
                  | scales. (AC +2) [potion of mutation]
 65975 | Zot:5    | Lost mutation: You are weak. (Str -2) [potion of mutation]
 65975 | Zot:5    | Lost mutation: You are very dopey. (Int -4) [potion of
                  | mutation]
 65975 | Zot:5    | Gained mutation: You are weak. (Str -2) [potion of
                  | mutation]
 65975 | Zot:5    | Gained mutation: Your skin changes colour to match your
                  | surroundings (Stealth+). [potion of mutation]
 65976 | Zot:5    | Lost mutation: Armour fits poorly on your strangely shaped
                  | body. [potion of mutation]
 65976 | Zot:5    | Lost mutation: Your body sometimes deteriorates upon taking
                  | damage. [potion of mutation]
 65976 | Zot:5    | Lost mutation: You are dopey. (Int -2) [potion of mutation]
 65976 | Zot:5    | Lost mutation: You are clumsy. (Dex -2) [potion of
                  | mutation]
 65976 | Zot:5    | Lost mutation: Your skin changes colour to match your
                  | surroundings (Stealth+). [potion of mutation]
 65976 | Zot:5    | Gained mutation: You tend to lose your temper in combat.
                  | [potion of mutation]
 65976 | Zot:5    | Gained mutation: Your movements are slightly less
                  | encumbered by armour. (ER -2) [potion of mutation]
 65977 | Zot:5    | Lost mutation: Your movements are slightly less encumbered
                  | by armour. (ER -2) [potion of mutation]
 65977 | Zot:5    | Lost mutation: You sometimes lose the ability to read
                  | scrolls when taking damage. [potion of mutation]
 65977 | Zot:5    | Lost mutation: You tend to lose your temper in combat.
                  | [potion of mutation]
 65977 | Zot:5    | Gained mutation: You have a pair of small horns on your
                  | head. [potion of mutation]
 65977 | Zot:5    | Gained mutation: Your mind is acute. (Int +2) [potion of
                  | mutation]
 65978 | Zot:5    | Lost mutation: Your mind is acute. (Int +2) [potion of
                  | mutation]
 65978 | Zot:5    | Lost mutation: You have large cloven feet. [potion of
                  | mutation]
 65978 | Zot:5    | Gained mutation: You are somewhat resistant to further
                  | mutation. [potion of mutation]
 65978 | Zot:5    | Gained mutation: You are partially covered in iridescent
                  | scales. (AC +2) [mutagenic glow]
 66385 | Zot:5    | Noticed an orb of fire
 66391 | Zot:5    | Gained mutation: Your magical capacity is low. (-10% MP)
                  | [an orb of fire]
 66395 | Zot:5    | Killed an orb of fire
 66879 | Zot:5    | Found Cosyor's Changing Room.
 66879 | Zot:5    | Noticed a Killer Klown
 66914 | Zot:5    | Killed a Killer Klown
 66968 | Zot:5    | Noticed an orb of fire
 67115 | Zot:5    | Gained mutation: You sometimes lose the ability to read
                  | scrolls when taking damage. [an orb of fire]
 67122 | Zot:5    | Gained mutation: You tend to lose your temper in combat.
                  | [an orb of fire]
 67129 | Zot:5    | Killed an orb of fire
 67266 | Zot:5    | Lost mutation: You have a pair of small horns on your head.
                  | [potion of mutation]
 67266 | Zot:5    | Lost mutation: You sometimes lose the ability to read
                  | scrolls when taking damage. [potion of mutation]
 67266 | Zot:5    | Lost mutation: You are somewhat resistant to further
                  | mutation. [potion of mutation]
 67266 | Zot:5    | Gained mutation: You are occasionally teleported next to
                  | monsters. [potion of mutation]
 67266 | Zot:5    | Lost mutation: Your magical capacity is low. (-10% MP)
                  | [potion of mutation]
 67266 | Zot:5    | Gained mutation: You are resistant to electric shocks.
                  | (rElec) [potion of mutation]
 67267 | Zot:5    | Lost mutation: You are occasionally teleported next to
                  | monsters. [potion of mutation]
 67267 | Zot:5    | Lost mutation: You are resistant to electric shocks.
                  | (rElec) [potion of mutation]
 67267 | Zot:5    | Gained mutation: You have very sharp teeth. [potion of
                  | mutation]
 67267 | Zot:5    | Gained mutation: You are strong-willed. (Will+) [potion of
                  | mutation]
 67541 | Zot:5    | Noticed an ancient lich
 67564 | Zot:5    | Killed an ancient lich
 68533 | Zot:5    | Noticed an orb of fire
 69070 | Zot:5    | Found Cosyor's Changing Room.
 69446 | Zot:5    | Noticed an orb of fire
 69479 | Zot:5    | Gained mutation: You occasionally shout uncontrollably at
                  | your foes. [an orb of fire]
 69480 | Zot:5    | Gained mutation: Your magical capacity is low. (-10% MP)
                  | [an orb of fire]
 69484 | Zot:5    | Killed an orb of fire
 69553 | Zot:5    | Noticed a Killer Klown
 69568 | Zot:5    | Killed a Killer Klown
 69573 | Zot:5    | Noticed a dread lich
 69574 | Zot:5    | Noticed an ancient lich
 69612 | Zot:5    | Gained mutation: You often lose your temper in combat. [an
                  | orb of fire]
 69625 | Zot:5    | Gained mutation: You sometimes lose the ability to read
                  | scrolls when taking damage. [an orb of fire]
 69628 | Zot:5    | Killed an orb of fire
 69657 | Zot:5    | Killed a dread lich
 69658 | Zot:5    | Reached skill level 15 in Spellcasting
 70392 | Zot:5    | Killed an ancient lich
 70680 | Zot:5    | Found Cosyor's Changing Room.
 71145 | Zot:5    | Lost mutation: You sometimes lose the ability to read
                  | scrolls when taking damage. [potion of mutation]
 71145 | Zot:5    | Lost mutation: You occasionally shout uncontrollably at
                  | your foes. [potion of mutation]
 71145 | Zot:5    | Lost mutation: You have very sharp teeth. [potion of
                  | mutation]
 71145 | Zot:5    | Lost mutation: You often lose your temper in combat.
                  | [potion of mutation]
 71145 | Zot:5    | Gained mutation: You are mostly covered in iridescent
                  | scales. (AC +4) [potion of mutation]
 71145 | Zot:5    | Gained mutation: Your spells are a little harder to cast,
                  | but a little more powerful. [potion of mutation]
 71146 | Zot:5    | Got the Orb of Zot
 71674 | D:$      | Escaped with the Orb!

Illustrated notes

Levels and vault maps discovered:
D:1:      wheals_arrival_shading, layout_loops_ring,
          ebering_ecumenical_altar_abandoned
D:2:      minmay_razor_zed, layout_basic, serial_shops,
          nicolae_shop_hallway_plus, kennysheep_jessica_study,
          uniq_crazy_yiuf_cottage
D:3:      kennysheep_goblin_castle, layout_basic,
          grunt_dithmenos_smoke_and_mirrors,
          mainiacjoe_overflow_small_starburst, bh_walls_and_bars
D:4:      layout_loops_ring, grunt_temple_overflow_opulence,
          kennysheep_mini_moat, nicolae_ossuary_entry_false_entrances
D:5:      layout_loops_ring, elyvilon_altar_5, gammafunk_ghost_smash,
          nicolae_shop_overcharged_wands, uniq_edmund
D:6:      layout_basic, lemuel_round_altar, gup_sewer_entry_bubbles
D:7:      layout_basic, trog_antimagical, temple_green, minivault_27
D:8:      layout_loops_corners, david_lair_generic
D:9:      layout_loops_ring, erik_orc_4, minmay_tree_intersection,
          uniq_prince_ribbit1, uniq_erolcha, uniq_erica
D:10:     layout_basic, mainiacjoe_overflow_alcove_4,
          ebering_ghost_funeral_grove, serial_ice, serial_ice_c, serial_ice_f,
          serial_ice_l, serial_ice_e, uniq_harold
D:11:     layout_rooms, uniq_urug
D:12:     minmay_firetagon, layout_long_grid, gauntlet_entry_generic
D:13:     minmay_swirls_squares, layout_cave_pools, bh_hangedman_babel_library
D:14:     layout_basic, erik_vaults_1, serial_bayou_pond_a, uniq_rupert
D:15:     grunt_enter_depths_magical_seal, layout_loops_ring, dk_noncrumbling_4,
          guppyfry_shop_earth
Temple:   cyrus_circular_temple
Lair:1:   layout_hall_layers
Lair:2:   layout_cave_pods, gammafunk_ghost_wrathful_warriors
Lair:3:   layout_loops_ring, palyth_hydra_swamp_entry, forest_entry_grove,
          grunt_megastairs_5, lemuel_fruit_tree
Lair:4:   layout_regular_city, guppyfry_snake_entry_garden, grunt_megastairs_2
Lair:5:   dpeg_oklob_gauntlet, layout_cave_pods, minmay_slime_entry_eyes,
          grunt_forest_small_clearing_treed, grunt_megastairs_3
Lair:6:   hellmonk_lair_end_abyssal_woods, layout_small_grid
Swamp:1:  layout_falls_marsh, evilmike_swamp_ruin_house_2, st_swamp_ruins_2
Swamp:2:  layout_basic_swamp, serial_swamp_ruin, evilmike_swamp_ruin_house_6,
          evilmike_swamp_ruin_wall, evilmike_swamp_ruin_house_5
Swamp:3:  layout_falls_marsh, evilmike_swamp_ruin_house_1,
          infiniplex_staircase_pool_2
Swamp:4:  nzn_swamp_witches_coven, layout_basic_swamp, swamp_pool2
Snake:1:  nrook_guardian_serpent_snake_passage, layout_basic
Snake:2:  layout_chambers, uniq_agnes
Snake:3:  layout_cave_town, serial_shops, nicolae_stop_n_shop_2,
          gammafunk_ghost_abyssal_escape, grunt_megastairs_1, minmay_shop_grove,
          serial_bayou_shore_b, uniq_mlioglotl
Snake:4:  minmay_snake_end_coiled, layout_rooms, ebering_ghost_xom,
          serial_corexii_hall, corexii_hall_statues_l, chequers_hall_statues_y,
          corexii_hall_statues_i, chequers_hall_statues_corner_a,
          chequers_hall_statues_corner_a, chequers_hall_statues_corner_a
Orc:1:    layout_caves, mines5_lemuel
Orc:2:    kennysheep_orc_mage_school, layout_caves, mines4_lemuel
Vaults:1: ontoclasm_vaults_gallery, v_misc_2, nicolae_vaults_network_quinsquares
          [nicolae_vaults_network_quincunx_subvault,
          nicolae_vaults_network_quincunx_subvault,
          nicolae_vaults_network_quincunx_subvault,
          nicolae_vaults_network_quincunx_subvault], vaults_room_semicircle,
          vaults_room_door_hall, nicolae_vaults_diagonal_hallway_7,
          hangedman_vaults_cutoff, hangedman_vaults_maws, v_misc_13,
          vaults_room_corners, layout_vaults_omnicross, serial_shops,
          nicolae_shop_stone
Vaults:2: ontoclasm_vaults_shout, minmay_crypt_entry_nasty_monster,
          vaults_mumra_chevron, ontoclasm_vaults_chip, grunt_vaults_focal,
          grunt_vaults_hallway_short, layout_vaults_omnigrid, serial_shops,
          nicolae_shop_hallway_plus, nicolae_shop_trees
Vaults:3: vaults_dpeg_ring, st_eye, ontoclasm_vaults_spin,
          hangedman_vaults_capsules, nicolae_vaults_border_crossing,
          vaults_room_pool, grunt_vaults_hallway_short,
          nicolae_vaults_ring_of_whatevers, v_misc_11, v_misc_26,
          vaults_room_grid, nicolae_vaults_network_star,
          vaults_room_ringed_pool, serial_ice_b, layout_vaults_maze, uniq_donald
Vaults:4: ontoclasm_vaults_tryst, nicolae_vaults_triangles,
          ontoclasm_vaults_ring_square, nicolae_vaults_little_squares_5,
          nicolae_vaults_little_squares_5, ontoclasm_vaults_ring_small,
          vaults_room_grunt_arrival_ludios, hangedman_vaults_pinch,
          nicolae_vaults_twisting_passages, v_misc_18, hangedman_vaults_nodes,
          vaults_dpeg_hooks, layout_vaults_omnibox, serial_shops, shop,
          nicolae_shop_temple_entry_statues_fountains
Vaults:5: uniq_saint_roka, uniq_margery, uniq_xtahua
Depths:1: layout_honeycomb, nicolae_uskayaw_suspiria, hellmouth_3,
          kilobyte_rumbling_trees, uniq_sojobo
Depths:2: cell_vault, layout_cave_pools, kennysheep_flooded_box,
          grunt_pan_entry_zigzag, special_room [special_room_mythical_zoo],
          hell_entry, infiniplex_staircase_zigzag_2
Depths:3: grunt_house_of_mirrors, layout_cave_pools, lemuel_statue_altar,
          hell_entry, rand_demon_pan_entry_7,
          nicolae_abyss_entry_one_way_or_another, minmay_microvault,
          minmay_staircase_statues_hall_small
Depths:4: lemuel_castle_with_subvaults [lemuel_castle_interior_carwin_1],
          layout_gridlike, enter_ziggurat_d, minmay_door_square, hell_entry,
          serial_bayou_shore_b, minmay_shop_star
Zot:1:    layout_misc_corridors
Zot:2:    layout_gridlike, hangedman_feature_mirror
Zot:3:    lemuel_draconian_sentries_small, layout_gridlike, grunt_ministairs_15
Zot:4:    grunt_twist_and_shout, layout_concentric_octagons
Zot:5:    layout_cathedral_of_symmetry, st_stairs_14,
          nicolae_transmutations_shop

Skill      XL: |  1  2  3  4  5  6  7  8  9 10 11 12 13 14 15 16 17 18 19 20 21 22 23 24 25 |
---------------+----------------------------------------------------------------------------+-----
Fighting       | 3 4 5 7 8 10 13 17 18 19 22 24 27 | 27.0
Spellcasting   | 1 2 3 4 5 8 9 12 15 | 15.9
Dodging        | 2 3 4 6 10 12 | 12.0
Armour         | 3 4 10 13 14 18 19 | 19.0
Axes           | 4 5 7 9 10 12 | 12.3
Evocations     | 1 3 4 5 7 10 17 20 | 20.0
Invocations    | 5 8 |  8.0
Polearms       | 7 9 12 13 | 13.6
Shields        | 3 4 9 15 | 15.0

Action                   |  1- 3 |  4- 6 |  7- 9 | 10-12 | 13-15 | 16-18 | 19-21 | 22-24 | 25-27 || total
-------------------------+-------+-------+-------+-------+-------+-------+-------+-------+-------++-------
Melee: Hand axe          |   121 |   341 |    57 |       |       |       |       |       |       ||   519
       Punch             |     1 |     7 |     2 |    11 |     7 |       |       |       |       ||    28
       War axe           |       |       |   271 |   324 |       |       |       |       |       ||   595
       Demon trident     |       |       |       |   123 |  1523 |  1990 |  2184 |  2786 |   769 ||  9375
       Kick              |       |       |       |     6 |       |       |       |       |       ||     6
       Bite              |       |       |       |       |       |       |       |       |    62 ||    62
       Headbutt          |       |       |       |       |       |       |       |       |    54 ||    54
Throw: Dart              |       |       |       |       |     2 |     1 |       |       |       ||     3
       Throwing net      |       |       |       |       |       |       |       |       |     5 ||     5
 Abil: Heal Wounds       |     1 |    13 |     9 |    32 |    21 |    18 |     1 |    11 |    17 ||   123
Evoke: Wand              |       |     3 |    12 |    19 |    13 |     4 |     4 |     6 |    15 ||    76
       Tin of tremorston |       |       |       |       |       |       |     1 |     1 |       ||     2
  Use: Scroll            |       |     5 |     7 |     9 |     6 |     4 |     7 |     9 |     3 ||    50
       Potion            |       |     1 |     5 |     2 |     7 |     4 |     3 |     3 |    13 ||    38
 Stab: Sleeping          |     2 |       |       |       |       |       |       |       |       ||     2
       Paralysed         |       |       |     8 |    14 |       |       |       |       |    10 ||    32
       Petrified         |       |       |     5 |       |     5 |       |       |       |       ||    10
       Confused          |       |       |     2 |     3 |     5 |       |       |       |       ||    10
       Invisible         |       |       |       |       |     2 |       |       |       |       ||     2
       Distracted        |       |       |       |       |       |       |     1 |     2 |     1 ||     4
Armor: Leather armour    |    53 |     2 |       |       |       |       |       |       |       ||    55
       Scale mail        |       |   172 |    17 |       |       |       |       |       |       ||   189
       Chain mail        |       |       |   186 |     6 |   422 |   459 |   852 |       |       ||  1925
       Plate armour      |       |       |       |   238 |    24 |       |       |       |       ||   262
       Skin              |       |       |       |    23 |       |       |       |       |       ||    23
       Swamp dragon scal |       |       |       |       |       |   254 |       |       |       ||   254
       Gold dragon scale |       |       |       |       |       |       |    61 |  1214 |   227 ||  1502
Dodge: Dodged            |    66 |   211 |   202 |   302 |   548 |  1010 |  1151 |  1064 |   193 ||  4747
Block: Buckler           |       |       |       |       |   120 |   163 |       |       |       ||   283
       Kite shield       |       |       |       |       |       |   499 |  1248 |  1433 |   271 ||  3451
       Reflection        |       |       |       |       |       |    22 |    31 |     9 |     5 ||    67
